 Dungeon Crawl Stone Soup version 0.26-a0-1101-g8f9f7f7418 (webtiles) character file.

Game seed: 12639182768829515612

10730 Xarex the Basher (level 11, -1/101 HPs)
             Began as a Minotaur Abyssal Knight on Dec 15, 2020.
             Was an Elder of Lugonu.
             Slain by a komodo dragon (17 damage)
             ... on level 1 of the Lair of Beasts.
             The game lasted 01:02:35 (10272 turns).

Xarex the Basher (Minotaur Abyssal Knight)         Turns: 10272, Time: 01:02:35

Health: -1/101     AC: 19    Str: 20    XL:     11   Next: 40%
Magic:  0/12       EV:  8    Int:  9    God:    Lugonu [****..]
Gold:   488        SH:  0    Dex: 15    Spells: 10/10 levels left

rFire    + . .     SeeInvis .   H - +7 great mace of Kickeing {drain, *Contam rC+ Dex+5 Stlth+}
rCold    + . .     Faith    .   (shield currently unavailable)
rNeg     + . .     Spirit   +   I - +2 plate armour {rN+}
rPois    +         Reflect  .   (helmet restricted)
rElec    .         Harm     .   c - +0 cloak
rCorr    .         Rampage  .   B - +0 pair of gloves
Will     +....                  (no boots)
Stlth    ..........             T - amulet of guardian spirit
HPRegen  0.26/turn              j - ring of protection from fire
MPRegen  0.13/turn              o - ring of willpower

@: no status effects
A: retaliatory headbutt, horns 2, [blurry vision 1], poison resistance, [no
potion heal 2]
a: Depart the Abyss, Bend Space, Banish, Corrupt, Renounce Religion


You were on level 1 of the Lair of Beasts.
You worshipped Lugonu.
Lugonu was greatly pleased with you.
You visited 2 branches of the dungeon, and saw 9 of its levels.
You visited the Abyss 2 times.
You also visited: Bailey.

You collected 555 gold pieces.
You spent 67 gold pieces at shops.

Inventory:

Hand Weapons
 a - a +1 hand axe
 f - a +0 hunting sling
 q - a +1 vorpal mace
 s - a +0 battleaxe
 H - the +7 great mace of Kickeing (weapon) {drain, *Contam rC+ Dex+5 Stlth+}
   (You found it in a bailey)

   A truly terrible weapon, it drains the life of those it strikes.
   It affects your dexterity (+5).
   It protects you from cold.
   It causes magical contamination when unequipped.
   It makes you more stealthy.
 M - a +0 vorpal broad axe
Missiles
 m - a throwing net
Armour
 b - a +0 buckler
 c - a +0 cloak (worn)
 w - a +0 pair of gloves
 x - a +0 plate armour
 y - a +0 ring mail
 B - a +0 pair of gloves (worn)
 I - a +2 plate armour of positive energy (worn)
 J - a +0 tower shield of protection
 N - +0 steam dragon scales
 O - a +3 ring mail of fire resistance
Jewellery
 h - an uncursed amulet of the acrobat
 j - a ring of protection from fire (left hand)
 o - a ring of willpower (right hand)
 G - an uncursed amulet of magic regeneration
 T - an amulet of guardian spirit (around neck)
 U - a +4 ring of evasion {unknown}
Wands
 F - a wand of digging (5)
 L - a wand of paralysis (7)
 P - a wand of disintegration (13)
 Q - a wand of enslavement (9)
Scrolls
 d - 9 scrolls of identify
 e - 5 scrolls of remove curse
 g - 3 scrolls of enchant armour {unknown}
 i - 3 scrolls of teleportation
 k - 3 scrolls of random uselessness {unknown}
 n - a scroll of fog {unknown}
 r - a scroll of immolation
 t - a scroll of enchant weapon {unknown}
 u - 3 scrolls of fear {unknown}
 E - a scroll of noise {unknown}
Potions
 l - 3 potions of brilliance
 p - 2 potions of flight
 v - a potion of degeneration {unknown}
 z - 2 potions of invisibility {unknown}
 A - a potion of lignification {unknown}
 C - a potion of might {unknown}
 D - a potion of attraction {unknown}
 K - a potion of cancellation
 R - a potion of curing
 S - a potion of heal wounds {unknown}


   Skills:
 + Level 10.3 Fighting
 - Level 4.1(10.0) Axes
 - Level 13.7(14.0) Maces & Flails
 + Level 9.9 Armour
 + Level 3.9 Dodging
 + Level 6.0 Shields
 + Level 3.0 Invocations


You had 10 spell levels left.
You didn't know any spells.
Your spell library contained the following spells:

 Spells                   Type           Power        Failure   Level
 Animate Skeleton         Necr           #.....       100%        1
 Corona                   Hex            #......      100%        1
 Pain                     Necr           #...         100%        1
 Ensorcelled Hibernation  Hex/Ice        #.....       100%        2
 Confusing Touch          Hex            #.......     100%        3
 Dazzling Flash           Conj/Hex       #.....       100%        3
 Tukima's Dance           Hex            #.......     100%        3
 Vampiric Draining        Necr           #.........   100%        3
 Animate Dead             Necr           #.........   100%        4
 Agony                    Necr           #.......     100%        5


Dungeon Overview and Level Annotations

Branches:
Dungeon (8/15)             Temple (0/1) D:6            Lair (1/6) D:8
 Bailey (visited)

Altars:
Elyvilon
Gozag
Nemelex Xobeh
Sif Muna
Vehumet
Yredelemnul

Shops:
D:6 [

Annotations:
D:2 Sigmund
Lair:1 3 runed translucent doors, Hemaejer's ghost, novice DrTm; lis82's ghost, journeyman DgAE


Innate Abilities, Weirdness & Mutations

You reflexively headbutt those who attack you in melee.
You have a pair of horns on your head.
Your system is resistant to poisons. (rPois)
[Scrolls take you a little longer to read.]
[Potions are poor at restoring your health.]


Message History

* * * LOW HITPOINT WARNING * * *
The blink frog hits you but does no damage.
The komodo dragon bites you but does no damage.
The blink frog hits you but does no damage.
You bludgeon the blink frog!!
You kill the blink frog!
Lugonu accepts your kill.
The blink frog blinks!
You bludgeon the blink frog!!
You kill the blink frog!
Lugonu accepts your kill.
You thump the komodo dragon! You drain the komodo dragon!
The komodo dragon is severely wounded.
The komodo dragon bites you!
* * * LOW HITPOINT WARNING * * *
The komodo dragon bites you.
* * * LOW HITPOINT WARNING * * *
Your system partially rejects the healing.
You feel better. The komodo dragon bites you!!
You die...

#. ....# #....#............ #.
#..####...##.....†......
#####.#####...##...##....#.†.....
..........................#######
....(.....................#
....(......................#
...........................#
............÷..............#
........†......l@.........##
.......)..................#
.....†....................#
..........................#
.....†....†..............
.##.#################.## # ### ##


You could see a komodo dragon (drained).

Vanquished Creatures
  A two-headed ogre (D:8)
  Sonja (Lair:1)
  An unseen horror (D:8)
  An apocalypse crab (Abyss:1)
  Joseph (Lair:1)
  A black mamba (Lair:1)
  Maggie (D:8)
  A cane toad (Lair:1)
  A komodo dragon (Lair:1)
  10 blink frogs (Lair:1)
  A hornet (D:8)
  A wyvern (Lair:1)
  9 yaks (Lair:1)
  A basilisk (Lair:1)
  A large abomination (Abyss:1)
  Menkaure (D:6)
  6 water moccasins
  A black bear (D:6)
  4 orc warriors
  An ice beast (D:8)
  2 ogres
  2 centaurs (D:7)
  6 bullfrogs
  A wyvern skeleton (D:8)
  2 scorpions
  3 killer bees (D:8)
  A howler monkey (D:7)
  A bullfrog zombie (D:7)
  A quasit (Abyss:1)
  An iron imp (Abyss:1)
  2 hounds
  9 orc wizards
  A bullfrog skeleton (D:4)
  5 orc priests
  An iguana (D:5)
  6 worker ants
  2 killer bee zombies
  A hound zombie (D:6)
  2 hound skeletons (D:6)
  A howler monkey zombie (D:6)
  A gnoll (D:8)
  A worker ant zombie (D:6)
  10 adders
  3 shadow imps
  3 white imps
  An ufetubus (D:5)
  3 adder skeletons
  2 dart slugs (D:1)
  2 worms
  9 leopard geckos
  29 orcs
  7 giant cockroaches
  8 hobgoblins
  17 jackals
  6 kobolds
  4 quokkas
  3 ball pythons
  9 bats
  9 frilled lizards
  4 goblins
  A jackal skeleton (D:7)
  A leopard gecko zombie (D:6)
  2 quokka skeletons
  9 rats
239 creatures vanquished.

Vanquished Creatures (others)
  11 fungi (D:8)
  19 plants
  7 withered plants
37 creatures vanquished.

Grand Total: 276 creatures vanquished

Notes
Turn   | Place    | Note
-------+----------+-------------------------------------------
     0 | Abyss:1  | Xarex the Minotaur Abyssal Knight began the quest for the
                  | Orb.
     0 | Abyss:1  | Reached XP level 1. HP: 19/19 MP: 1/1
     8 | Abyss:1  | Found a corrupted altar of Lugonu.
    50 | Abyss:2  | Found a sacrificial altar of Ru.
    64 | D:1      | Escaped the Abyss
    69 | D:1      | Gained mutation: You have a pair of large horns on your
                  | head. [potion of mutation]
    69 | D:1      | Gained mutation: You evolve. [potion of mutation]
   307 | D:1      | Reached XP level 2. HP: 25/27 MP: 2/2
   354 | D:1      | Reached * piety under Lugonu
  1073 | D:1      | Reached XP level 3. HP: 32/33 MP: 3/3
  1340 | D:2      | Reached ** piety under Lugonu
  1569 | D:2      | Reached XP level 4. HP: 40/40 MP: 4/4
  2362 | D:2      | Noticed Sigmund
  2753 | D:3      | Found an opulent altar of Gozag.
  2768 | D:3      | Reached XP level 5. HP: 35/47 MP: 5/5
  2781 | D:3      | Found a shimmering blue altar of Sif Muna.
  3029 | D:3      | Reached *** piety under Lugonu
  3036 | D:3      | Reached skill level 1 in Maces & Flails
  3421 | D:4      | Found a basalt altar of Yredelemnul.
  3458 | D:4      | Reached XP level 6. HP: 46/53 MP: 7/7
  3509 | D:4      | Reached skill level 2 in Maces & Flails
  4146 | D:5      | Entered Level 5 of the Dungeon
  4158 | D:5      | Reached skill level 1 in Shields
  4201 | D:5      | Reached skill level 3 in Maces & Flails
  4351 | D:5      | Reached XP level 7. HP: 41/60 MP: 8/8
  4403 | D:5      | Reached skill level 5 in Armour
  4519 | D:5      | Reached skill level 5 in Fighting
  5070 | D:5      | Reached skill level 4 in Maces & Flails
  5220 | D:6      | Reached **** piety under Lugonu
  5310 | D:6      | Found a staircase to the Ecumenical Temple.
  5331 | D:6      | Reached skill level 5 in Maces & Flails
  5370 | D:6      | Reached XP level 8. HP: 19/69 MP: 9/9
  5392 | D:6      | Noticed Menkaure
  5685 | D:6      | Found Vackir's Armour Boutique.
  5694 | D:6      | Bought a +0 tower shield for 67 gold pieces
  5709 | D:6      | Found a sparkling altar of Nemelex Xobeh.
  5845 | D:6      | Reached skill level 6 in Maces & Flails
  5925 | D:6      | Killed Menkaure
  6364 | D:7      | Reached skill level 7 in Maces & Flails
  6410 | D:7      | Reached skill level 8 in Maces & Flails
  6512 | D:7      | Found a flagged portal.
  6521 | Bailey   | Entered a bailey
  6694 | Bailey   | Lost mutation: You have a pair of large horns on your head.
                  | [evolution]
  6987 | Bailey   | Reached skill level 5 in Shields
  6999 | Bailey   | Noticed an orc knight
  7000 | Bailey   | Noticed an orc knight
  7021 | Bailey   | Reached XP level 9. HP: 43/78 MP: 10/10
  7185 | Bailey   | Got a faintly glowing great mace
  7218 | Bailey   | Identified the +7 great mace of Kickeing {drain, *Contam
                  | rC+ Dex+5 Stlth+} (You found it in a bailey)
  7782 | D:7      | Reached ***** piety under Lugonu
  7783 | D:7      | Reached skill level 9 in Maces & Flails
  7989 | D:7      | Found a white marble altar of Elyvilon.
  8050 | D:7      | Found a radiant altar of Vehumet.
  8628 | D:8      | Noticed a two-headed ogre
  8637 | D:8      | Killed a two-headed ogre
  8638 | D:8      | Reached skill level 10 in Maces & Flails
  8980 | D:8      | Noticed Maggie
  8990 | D:8      | Killed Maggie
  8991 | D:8      | Reached skill level 11 in Maces & Flails
  8992 | D:8      | Reached XP level 10. HP: 77/88 MP: 11/11
  9008 | D:8      | Killed an unseen horror
  9023 | D:8      | Found a staircase to the Lair.
  9027 | Lair:1   | Entered Level 1 of the Lair of Beasts
  9031 | Lair:1   | Noticed Joseph
  9057 | Lair:1   | Killed Joseph
  9186 | Lair:1   | Gained mutation: Your system is resistant to poisons.
                  | (rPois) [evolution]
  9186 | Lair:1   | Lost mutation: You evolve. [end of evolution]
  9320 | Lair:1   | Noticed a cane toad
  9326 | Lair:1   | Killed a cane toad
  9327 | Lair:1   | Reached skill level 12 in Maces & Flails
  9327 | Lair:1   | Found a runed translucent gate.
  9335 | Lair:1   | Found a runed translucent gate.
  9336 | Lair:1   | Found a runed translucent gate.
  9445 | Lair:1   | Noticed lis82's ghost (journeyman DgAE)
  9445 | Lair:1   | Noticed Hemaejer's ghost (novice DrTm)
  9446 | Lair:1   | Noticed Hemaejer's ghost (novice DrTm)
  9733 | Lair:1   | Reached skill level 13 in Maces & Flails
  9779 | Lair:1   | Reached XP level 11. HP: 91/97 MP: 12/12
  9954 | Lair:1   | Noticed Sonja
  9965 | Lair:1   | Cast into level 1 of the Abyss (Sonja)
 10181 | Abyss:1  | Noticed a spatial maelstrom
 10199 | Abyss:2  | Noticed a wretched star
 10207 | Lair:1   | Escaped the Abyss
 10212 | Lair:1   | Killed Sonja
 10213 | Lair:1   | Reached skill level 10 in Fighting
 10272 | Lair:1   | Slain by a komodo dragon

Illustrated notes

Levels and vault maps discovered:
D:1:      psy_arrival_fountain, layout_loops_ring
D:2:      layout_basic, minmay_circle_x, uniq_sigmund
D:3:      layout_basic, led_sif_book, grunt_gozag_statues
D:4:      layout_loops_cross, yredelemnul_altar_generic,
          chequers_serial_rivers_small_3
D:5:      layout_basic
D:6:      layout_loops_ring, temple_fountains, serial_shops,
          nicolae_shop_crystal, basic_altar, uniq_menkaure
D:7:      layout_cave_pools, vehumet_crystals, marbit_many_paths,
          enter_bailey_8, minmay_chambers_of_fives
D:8:      layout_loops_ring, grunt_lair_entry_orc_guard_hut,
          minmay_pinched_square, uniq_maggie
Lair:1:   layout_gridlike, gammafunk_ghost_cemetery, grunt_megastairs_3,
          uniq_sonja, uniq_joseph, uniq_grum

Skill      XL: |  1  2  3  4  5  6  7  8  9 10 11 |
---------------+----------------------------------+-----
Fighting       | 4 5 6 8 9 10 | 10.3
Armour         | 3 4 5 7 9 |  9.9
Invocations    | 2 3 |  3.0
Axes           | 3 4 |  4.1
Dodging        | 2 3 |  3.9
Maces & Flails | 1 3 5 8 11 13 | 13.7
Shields        | 1 3 5 6 |  6.0

Action                   |  1- 3 |  4- 6 |  7- 9 | 10-12 || total
-------------------------+-------+-------+-------+-------++-------
Melee: Hand axe          |   106 |    60 |       |       ||   166
       Headbutt          |    15 |    13 |    35 |    31 ||    94
       Mace              |       |    98 |   253 |       ||   351
       Great mace        |       |       |    59 |   152 ||   211
Invok: Depart the Abyss  |     1 |       |       |     1 ||     2
  Use: Potion            |     2 |     1 |     6 |     3 ||    12
       Scroll            |       |     5 |     2 |       ||     7
Armor: Leather armour    |    46 |    23 |       |       ||    69
       Plate armour      |       |    49 |   204 |   100 ||   353
Dodge: Dodged            |    86 |    92 |   139 |    81 ||   398
Block: Buckler           |       |     4 |    57 |       ||    61

Table legend: (Time is in decaauts)
 A = Elapsed time spent in this place.
 B = Non-inter-level travel time spent in this place.
 C = Inter-level travel time spent in this place.
 D = Time resting spent in this place.
 E = Time spent auto-exploring this place.
 F = Levels seen in this place.
 G = Mean time per level.
                   A        B        C        D        E       F      G
               +--------+--------+--------+--------+--------+-----+--------+
         Total |  10354 |  10354 |      0 |   2308 |   4352 |  14 |  739.6 |
       Dungeon |   7832 |   7832 |      0 |   1132 |   3857 |   8 |  979.0 |
          Lair |   1010 |   1010 |      0 |    304 |    310 |   1 | 1010.0 |
         Abyss |    294 |    294 |      0 |     38 |     79 |   4 |   73.5 |
        Bailey |   1216 |   1216 |      0 |    834 |    106 |   1 | 1216.0 |
               +--------+--------+--------+--------+--------+-----+--------+

Top non-repeatable levels by time:
     D:2: 1224 daAuts
  Bailey: 1216 daAuts
     D:6: 1181 daAuts
     D:1: 1123 daAuts
     D:5: 1057 daAuts
  Lair:1: 1010 daAuts
     D:3: 1001 daAuts
     D:4: 783 daAuts
     D:7: 767 daAuts
     D:8: 693 daAuts
 Abyss:1: 250 daAuts
 Abyss:2: 43 daAuts
